Map: Year Zero LE

Players

uThermal

  • Race: Terran Terran
  • Spawn Location: 1:00

Lambo - Winner!

  • Race: Zerg Zerg
  • Spawn Location: 11:00

Event: 2019 WCS Spring

VOD

Have the link to the VOD?

Description

Time

  • Played on: May 18, 2019, 9:47 a.m.
  • Length: 18:10

All games in this series

Show
View Real Time Build Order
Export as new Build Order

uThermal Terran 

Build Orders: Reaper Expand 

Get SALT Encoding   

  12  0:01  SCV  
  13  0:13  SCV  
  14  0:17  Supply Depot  
  14  0:25  SCV  
  15  0:39  SCV  
  15  0:40  Barracks  
  16  0:45  Refinery  
  16  0:51  SCV  
  17  1:03  SCV  
  18  1:15  SCV  
  19  1:28  Reaper, Orbital Command  
  20  1:41  Command Center  
  20  1:51  Supply Depot  
  21  1:54  SCV  
  21  1:59  Marine  
  22  2:06  SCV  
  23  2:09  Factory  
  23  2:18  SCV  
  23  2:21  Barracks Reactor  
  24  2:30  SCV  
  25  2:42  SCV  
  26  2:44  Command Center  
  26  2:54  SCV, Orbital Command  
  27  3:01  Starport  
  27  3:06  SCV  
  27  3:09  Refinery  
  27  3:11  Hellion  
  30  3:17  Hellion  
  30  3:19  SCV  
  33  3:21  SCV  
  34  3:31  SCV  
  34  3:32  Hellion  
  34  3:33  SCV  
  38  3:38  Hellion  
  38  3:40  Marine  
  40  3:45  Viking  
  40  3:47  SCV  
  43  3:50  Supply Depot  
  43  3:52  SCV  
  44  3:56  Orbital Command  
  44  3:59  Hellion  
  46  4:03  Hellion  
  46  4:05  Barracks Tech Lab  
  46  4:07  SCV  
  46  4:08  SCV  
  50  4:20  SCV  
  50  4:21  SCV  
  50  4:23  SCV  
  53  4:24  Marine  
  53  4:25  Stimpack  
  53  4:30  Starport Reactor  
  54  4:32  SCV  
  54  4:33  SCV, Barracks  
  54  4:34  Barracks  
  54  4:35  Factory Tech Lab  
  54  4:37  SCV  
  57  4:43  Engineering Bay  
  57  4:44  Engineering Bay  
  57  4:45  SCV  
  58  4:48  Marine  
  58  4:49  SCV  
  58  4:51  SCV, Supply Depot  
  61  4:55  Siege Tank  
  64  5:00  SCV, Refinery  
  64  5:01  SCV, Refinery  
  64  5:06  Supply Depot  
  66  5:08  Marine  
  66  5:13  Starport Reactor  
  67  5:15  Terran Infantry Weapons Level 1  
  67  5:16  Terran Infantry Armor Level 1  
  67  5:17  SCV x2  
  69  5:23  Marine x2  
  69  5:26  Orbital Command, Marine  
  69  5:27  Supply Depot  
  72  5:29  SCV  
  72  5:30  Marine x2  
  72  5:35  Barracks  
  75  5:38  SCV  
  75  5:39  Barracks  
  75  5:40  Marine  
  75  5:41  Marine  
  78  5:44  Marine  
  78  5:45  SCV  
  78  5:49  Supply Depot  
  80  5:50  SCV, Medivac  
  80  5:52  Medivac  
  80  5:54  Marine x2  
  87  5:58  Marine x2  
  87  6:02  Siege Tank  
  92  6:05  SCV  
  92  6:06  Supply Depot  
  92  6:11  SCV x2, Marine  
  94  6:14  Marine x2  
  98  6:18  Supply Depot  
  98  6:19  SCV, Marine  
  98  6:20  Armory  
  98  6:23  SCV  
  98  6:25  Barracks Reactor  
  101  6:27  Supply Depot  
  101  6:28  Medivac, Barracks Reactor  
  101  6:30  Combat Shield  
  101  6:32  SCV x2  
  105  6:36  Marine  
  105  6:38  Marine x2  
  105  6:39  Marine  
  109  6:41  Missile Turret  
  109  6:43  Missile Turret  
  109  6:45  SCV  
  109  6:46  Supply Depot  
  109  6:47  Marine  
  110  6:50  Siege Tank  
  110  6:52  SCV  
  110  6:53  Marine  
  116  6:56  Marine  
  116  7:00  Marine  
  114  7:03  Marine  
  114  7:05  Marine x2  
  114  7:06  Marine x2  
  119  7:10  Terran Infantry Weapons Level 2  
  119  7:14  Marine  
  119  7:16  Marine x2  
  119  7:17  Terran Infantry Armor Level 2  
  119  7:18  Marine  
  122  7:24  Barracks, Marine x2  
  122  7:25  Marine x2  
  122  7:26  Barracks  
  122  7:29  Terran Vehicle Weapons Level 1, Barracks  
  126  7:30  Marine, Supply Depot  
  126  7:34  Marine x2  
  129  7:40  Marine x2  
  129  7:42  Missile Turret, Marine  
  129  7:43  Marine, Supply Depot  
  133  7:44  Supply Depot  
  133  7:51  SCV, Supply Depot, Medivac, Marine  
  133  7:53  SCV, Marine  
  139  8:01  Medivac, Marine x2  
  139  8:03  Marine  
  139  8:05  Marine x2  
  142  8:08  Marine  
  142  8:10  Supply Depot  
  142  8:12  Siege Tank  
  146  8:15  Marine x3  
  146  8:17  Marine x2  
  151  8:21  Medivac  
  151  8:23  Marine  
  151  8:24  Marine  
  153  8:29  Marine x2  
  153  8:31  Marine  
  153  8:32  Marine  
  157  8:34  Marine  
  157  8:35  Supply Depot  
  157  8:36  Marine  
  157  8:37  Marine  
  157  8:39  Marine x2  
  162  8:42  Supply Depot  
  162  8:44  Siege Tank  
  162  8:45  Marine x2  
  162  8:47  Marine  
  166  8:53  Medivac  
  166  8:54  Marine  
  169  8:55  Supply Depot  
  169  8:56  Supply Depot  
  169  8:57  Marine  
  169  9:01  Marine x2  
  172  9:09  Marine  
  172  9:11  Marine  
  172  9:12  Marine  
  172  9:14  Marine  
  176  9:18  Marine  
  176  9:20  Command Center, Siege Tank  
  180  9:24  Medivac, Marine  
  182  9:39  Marine x2  
  182  9:42  Barracks Reactor  
  182  9:44  Marine x2  
  186  9:46  Marine  
  186  9:48  Marine  
  186  9:50  Terran Infantry Armor Level 3, Terran Infantry Weapons Level 3  
  186  9:52  Siege Tank  
  185  10:01  Marine x5  
  185  10:04  Marine x2  
  185  10:05  Marine  
  177  10:11  Marine x2  
  177  10:13  Marine  
  175  10:18  SCV, Marine  
  175  10:19  Marine x4  
  181  10:24  Siege Tank  
  181  10:28  Medivac  
  184  10:33  Medivac  
  152  10:40  Marine x2  
  152  10:41  Marine x3  
  118  10:44  Marine x2  
  118  10:47  Marine x3  
  118  10:51  Marine x2  
  118  10:52  Marine  
  118  10:54  Planetary Fortress  
  118  10:55  SCV  
  118  10:56  SCV, Siege Tank  
  126  10:58  Medivac  
  126  11:00  SCV  
  126  11:01  Marine x2  
  126  11:02  Marine  
  126  11:03  Medivac  
  134  11:07  Marine x2  
  134  11:08  SCV x2, Marine  
  134  11:09  Marine  
  134  11:10  Marine  
  141  11:12  SCV, Marine  
  141  11:15  Marine  
  144  11:19  Marine x2  
  144  11:25  Command Center  
  146  11:28  Medivac  
  146  11:31  Siege Tank, Marine x2  
  146  11:32  Marine  
  154  11:33  Marine  
  154  11:34  Marine  
  154  11:36  Marine  
  154  11:39  Marine  
  158  11:43  Marine x3  
  158  11:44  Marine x3  
  164  11:49  Marine x2  
  164  11:50  Marine  
  164  11:51  Liberator x2, Marine  
  164  11:52  Marine  
  164  11:54  Marine  
  170  11:57  Marine  
  165  12:04  Barracks Tech Lab x2  
  165  12:05  Marine  
  165  12:07  Siege Tank  
  169  12:11  Refinery  
  169  12:12  Concussive Shells, Refinery  
  169  12:13  Marine x7  
  182  12:30  Neosteel Armor  
  182  12:32  Marauder x2  
  182  12:34  Refinery, Marine x5  
  182  12:35  Refinery  
  191  12:42  Command Center  
  191  12:43  Siege Tank  
  194  12:44  Marine  
  194  12:50  Marine  
  194  12:51  Marauder  
  197  13:00  Marine  
  197  13:01  Marauder  
  200  13:11  Planetary Fortress  
  200  13:30  Ghost Academy  
  200  13:35  Missile Turret  
  200  13:39  Missile Turret  
  200  13:42  Missile Turret  
  196  13:50  Marine  
  196  13:52  Marauder  
  199  13:56  Command Center  
  199  14:07  Personal Cloaking  
  199  14:09  Command Center  
  198  14:23  Marine x2  
  198  14:24  Marauder x2  
  198  14:27  Marine x2  
  200  14:39  Fusion Core, Starport  
  200  14:40  Starport  
  200  14:43  Missile Turret  
  200  14:50  Marine  
  200  14:57  Siege Tank  
  191  15:01  Liberator x2  
  191  15:03  Marine x2  
  191  15:04  Marauder x2  
  185  15:07  Ghost  
  185  15:11  SCV  
  185  15:12  SCV  
  189  15:16  Starport Reactor, Starport Tech Lab  
  193  15:23  SCV  
  193  15:24  Ghost  
  193  15:25  Ghost  
  193  15:27  SCV, Marine x2  
  193  15:28  Planetary Fortress  
  191  15:29  Siege Tank  
  178  15:35  Ghost  
  178  15:38  Marine  
  178  15:40  Marine  
  176  15:44  Liberator x2  
  175  15:53  Ghost, Liberator  
  175  15:54  Marauder  
  175  15:55  Marine  
  177  15:57  Liberator  
  177  16:03  SCV  
  177  16:04  SCV  
  185  16:05  Marauder  
  185  16:06  SCV x2  
  185  16:09  Advanced Ballistics  
  192  16:15  Marauder  
  192  16:17  Sensor Tower  
  197  16:22  Marauder  
  197  16:23  Missile Turret  
  197  16:25  Missile Turret  
  198  16:34  Armory  
  198  16:36  Ghost  
  192  16:44  Marauder  
  150  16:49  Marine  
  150  16:50  Marauder  
  150  16:52  Marine x2  
  129  16:58  Siege Tank  
  119  17:04  Marine x3  
  119  17:05  Marauder x2, Liberator x3, Marine  
  119  17:07  Marine x2  
  129  17:11  Ghost  
  129  17:14  SCV x4  
  135  17:16  Marine  
  135  17:17  Marine  
  135  17:20  Marine x2  
  135  17:22  Marine  
  149  17:26  SCV x4, Ghost  
  149  17:27  Marauder  
  149  17:28  Marine x2  
  149  17:29  Marine x2  
  161  17:30  Siege Tank  
  161  17:34  Marine  
  161  17:35  Marine  
  166  17:38  SCV x2  
  166  17:40  Marauder  
  166  17:42  Marine x2  
  172  17:47  SCV  
  172  17:48  Marauder  
Show
View Real Time Build Order
Export as new Build Order

Lambo Zerg - Winner!

Build Orders: Hatch First 

Get SALT Encoding   

  12  0:01  Drone  
  13  0:13  Overlord  
  13  0:18  Drone  
  14  0:31  Drone x2  
  16  0:50  Hatchery  
  16  0:53  Drone  
  16  0:56  Drone  
  17  1:00  Drone  
  18  1:11  Extractor  
  17  1:15  Spawning Pool  
  16  1:20  Drone  
  16  1:22  Drone  
  18  1:29  Drone  
  19  1:40  Drone  
  20  1:51  Overlord  
  20  2:02  Queen x2  
  20  2:04  Zergling x4  
  26  2:12  Drone  
  26  2:13  Drone  
  28  2:17  Metabolic Boost  
  28  2:23  Drone  
  28  2:25  Drone  
  30  2:43  Hatchery  
  29  2:44  Drone  
  29  2:48  Drone  
  29  2:51  Pneumatized Carapace  
  31  2:55  Drone  
  32  2:58  Overlord  
  32  3:02  Drone  
  32  3:04  Drone  
  34  3:13  Drone x2  
  34  3:16  Queen  
  34  3:18  Drone  
  39  3:21  Overlord  
  39  3:25  Drone  
  39  3:26  Drone  
  41  3:30  Drone x2  
  43  3:40  Queen  
  45  3:42  Drone x2  
  45  3:44  Overlord  
  45  3:46  Drone x2  
  49  3:54  Drone x2  
  51  3:58  Queen  
  51  4:00  Spore Crawler  
  52  4:03  Drone  
  52  4:04  Evolution Chamber  
  52  4:07  Queen  
  52  4:09  Drone  
  55  4:12  Drone x2  
  55  4:15  Overlord  
  57  4:17  Drone  
  57  4:20  Overlord  
  58  4:28  Evolution Chamber  
  58  4:30  Drone  
  58  4:31  Zerg Ground Armor Level 1  
  58  4:33  Overlord  
  58  4:34  Overlord  
  58  4:35  Drone  
  58  4:37  Drone  
  61  4:38  Drone  
  61  4:40  Drone  
  61  4:44  Overlord, Extractor x2  
  61  4:45  Drone  
  61  4:47  Drone  
  61  4:50  Drone x2  
  65  4:52  Drone  
  65  4:54  Drone  
  65  4:55  Zerg Melee Weapons Level 1  
  65  4:58  Drone x2  
  68  5:01  Drone x2  
  68  5:03  Drone  
  71  5:09  Drone x4  
  75  5:14  Lair  
  75  5:15  Drone x2  
  75  5:19  Drone x4  
  81  5:24  Extractor x2  
  81  5:27  Overlord  
  79  5:30  Hatchery  
  79  5:31  Drone  
  79  5:37  Drone x5  
  79  5:40  Drone  
  85  5:45  Extractor  
  85  5:46  Baneling Nest  
  83  5:50  Overlord  
  83  5:51  Zergling x14  
  90  5:58  Overlord  
  90  6:00  Overlord  
  90  6:01  Zergling x6  
  93  6:13  Zergling x12  
  93  6:16  Zergling x2  
  100  6:22  Zergling x4, Hydralisk Den  
  100  6:25  Zergling x12  
  107  6:27  Zerg Ground Armor Level 2  
  107  6:31  Centrifical Hooks  
  107  6:32  Baneling x8  
  107  6:34  Zergling x4  
  109  6:43  Zergling x12  
  109  6:46  Overlord  
  109  6:47  Zergling x2  
  115  6:50  Baneling x5  
  115  6:52  Zergling x2  
  115  6:54  Baneling x2  
  116  6:56  Zergling x2  
  116  6:59  Zergling x14  
  122  7:06  Zergling x4  
  124  7:10  Zergling x4  
  119  7:16  Muscular Augments, Drone x2  
  119  7:19  Infestation Pit  
  119  7:21  Queen, Drone x2  
  124  7:26  Zerg Melee Weapons Level 2  
  124  7:27  Hydralisk x4  
  132  7:30  Hydralisk  
  132  7:34  Drone x4  
  138  7:37  Hydralisk x2  
  142  7:47  Overlord  
  142  7:50  Overlord  
  142  7:53  Overlord  
  142  7:55  Drone x2  
  142  7:57  Overlord  
  144  8:00  Baneling x6  
  144  8:02  Overlord  
  141  8:06  Overlord  
  141  8:08  Hydralisk, Overlord, Hive  
  141  8:09  Zergling x12  
  141  8:11  Baneling x2  
  149  8:15  Zergling x2  
  149  8:16  Zergling x8  
  154  8:21  Hydralisk x3  
  154  8:22  Zergling x2  
  161  8:27  Grooved Spines  
  161  8:30  Hydralisk x4  
  161  8:32  Baneling x5  
  169  8:34  Zergling x6  
  172  8:47  Zergling x2  
  172  8:48  Zergling x12  
  179  8:52  Hatchery  
  178  8:58  Zergling x20  
  184  9:03  Zergling x10  
  184  9:06  Zerg Missile Weapons Level 1  
  189  9:11  Extractor  
  188  9:20  Viper  
  188  9:22  Overlord  
  191  9:24  Spore Crawler, Overlord  
  190  9:34  Baneling x11, Zergling x2  
  190  9:35  Zergling x2  
  191  9:40  Baneling x10  
  191  9:41  Baneling x7  
  191  9:43  Adrenal Glands  
  191  9:46  Ultralisk Cavern  
  191  9:47  Zergling x18  
  198  9:53  Queen  
  198  9:57  Zergling x6  
  194  10:01  Zergling x16  
  194  10:05  Zergling x16  
  197  10:10  Hydralisk x2  
  197  10:17  Zergling x6  
  197  10:29  Zergling x10  
  163  10:36  Zergling x22  
  163  10:38  Zergling x2  
  163  10:40  Zergling x2  
  144  10:44  Zergling x2  
  144  10:46  Zergling x6  
  144  10:47  Chitinous Plating  
  144  10:49  Zerg Ground Armor Level 3  
  142  10:51  Baneling x10  
  142  10:56  Baneling x5  
  142  11:00  Ultralisk  
  142  11:04  Baneling x8  
  148  11:05  Drone  
  148  11:09  Drone x3  
  152  11:12  Zerg Melee Weapons Level 3  
  152  11:16  Viper  
  152  11:18  Zergling x6  
  158  11:26  Zergling x16  
  165  11:34  Zergling x16  
  173  11:41  Viper  
  173  11:46  Zergling x14  
  183  11:48  Baneling x4  
  183  11:51  Baneling x6  
  183  11:56  Zergling x10  
  186  12:04  Drone  
  186  12:05  Drone  
  186  12:06  Anabolic Synthesis, Zergling x18  
  197  12:08  Baneling x4  
  197  12:14  Zergling x6  
  200  12:21  Spire  
  199  12:36  Zergling x2  
  200  12:38  Baneling x6  
  200  12:45  Overseer x2  
  200  13:25  Zerg Missile Weapons Level 2  
  195  13:50  Greater Spire  
  193  14:04  Ultralisk  
  195  14:20  Ultralisk x2  
  195  14:22  Zergling x2  
  195  14:23  Zergling x6  
  199  14:37  Baneling x2  
  198  14:56  Zergling x10  
  195  15:03  Ultralisk x2  
  199  15:08  Extractor x2  
  199  15:11  Zergling x4  
  199  15:13  Zerg Flyer Weapons Level 1, Pathogen Glands  
  199  15:22  Zergling x2  
  199  15:23  Hatchery  
  192  15:31  Zergling x16  
  185  15:43  Zergling x10  
  185  15:45  Overlord x4  
  182  15:51  Ultralisk, Zergling x10  
  182  15:55  Zergling x12  
  189  16:06  Baneling x5  
  189  16:07  Baneling x42  
  189  16:13  Zergling x20  
  196  16:37  Ultralisk  
  196  16:41  Zergling x2  
  196  16:42  Zergling x16  
  196  16:45  Zergling x24  
  195  16:47  Ultralisk  
  195  16:51  Zergling x64  
  196  16:56  Zergling x6  
  197  17:03  Zergling x4  
  199  17:14  Baneling x17  
  199  17:15  Hatchery  
  198  17:19  Baneling x12  
  198  17:20  Overseer x2  
  198  17:25  Zergling x2  
  199  17:39  Baneling x7  
  199  17:40  Overlord, Baneling x4  
  198  17:46  Zergling x4  
Tags
 
Add a new tag
Caveats
  • Supply blocks, unpowered buildings, or Contaminate may cause inaccurate times.
  • Supply counts are checked every 10 seconds.